 Dungeon Crawl Stone Soup version 0.25-a0-583-g696c2ac (webtiles) character file.

Game seed: 9485828583065423858, levelgen mode: deterministic

1478 BlueFish the Carver (level 8, -1/71 HPs)
             Began as a Minotaur Fighter on Mar 9, 2020.
             Slain by a two-headed ogre
             ... wielding a cursed +0 giant club
              (8 damage)
             ... on level 5 of the Dungeon.
             The game lasted 00:10:24 (4725 turns).

BlueFish the Carver (Minotaur Fighter)              Turns: 4725, Time: 00:10:25

Health: -1/71      AC: 18    Str: 21    XL:     8   Next: 50%
Magic:  7/7        EV:  6    Int:  5    God:
Gold:   322        SH:  0    Dex: 12    Spells: 7/7 levels left

rFire    . . .     SeeInvis .   a - +0 long sword
rCold    . . .     Gourm    .   (no shield)
rNeg     . . .     Faith    .   p - +0 plate armour
rPois    .         Spirit   .   (helmet restricted)
rElec    .         Reflect  .   (no cloak)
rCorr    .         Harm     .   u - +0 pair of gloves
MR       .....                  j - +2 pair of boots
Stlth    ..........             (no amulet)
HPRegen  0.21/turn              h - ring of flight
MPRegen  0.10/turn              (no ring)

@: no status effects
A: retaliatory headbutt, horns 2
a: Evoke Flight


You were on level 5 of the Dungeon.
You were not hungry.

You visited 1 branch of the dungeon, and saw 5 of its levels.
You also visited: Sewer.

You collected 322 gold pieces.

Inventory:

Hand Weapons
 a - a +0 long sword (weapon)
 e - a +1 dagger of venom
Armour
 b - a +0 scale mail
 c - a +0 kite shield
 j - a +2 pair of boots (worn)
 p - a +0 plate armour (worn)
 u - a +0 pair of gloves (worn)
Jewellery
 h - a ring of flight (left hand)
 w - an uncursed amulet of faith {unknown}
Wands
 i - a wand of acid (8)
 y - a wand of random effects (19)
Scrolls
 o - a scroll of fear
 r - 5 scrolls of teleportation
 s - 3 scrolls of noise
 t - a scroll of blinking
 x - a scroll of magic mapping
Potions
 d - 3 potions of might
 k - 2 potions of cancellation
 l - 3 potions of invisibility
 m - a potion of lignification
 n - a potion of haste {unknown}
 q - 2 potions of curing
 v - a potion of brilliance {unknown}
 z - a potion of flight {unknown}
Comestibles
 f - 13 rations
 g - 2 chunks of flesh


   Skills:
 * Level 6.5 Fighting
 * Level 9.5 Long Blades
 * Level 7.3 Armour
 + Level 0.5 Dodging
 + Level 4.2 Shields


You had 7 spell levels left.
You didn't know any spells.
Your spell library was empty.

Dungeon Overview and Level Annotations

Branches:
Dungeon (5/15)              Sewer (visited)
 Temple: D:4-7

Altars:
Ashenzari
Elyvilon
Nemelex Xobeh
Trog
Uskayaw

Shops:
D:4 =

Annotations:
D:5 2 transporters, jujuben's ghost, novice GrEE


Innate Abilities, Weirdness & Mutations

You reflexively headbutt those who attack you in melee.
You have a pair of horns on your head.


Message History

You are too injured to fight recklessly!
You are too injured to fight recklessly!
You are too injured to fight recklessly!
You completely miss the two-headed ogre.
Your headbutt misses the two-headed ogre.
The two-headed ogre is moderately wounded.
You hit the two-headed ogre but do no damage.
The two-headed ogre is moderately wounded.
The two-headed ogre barely misses you.
The two-headed ogre hits you but does no damage.
You hit the two-headed ogre but do no damage.
The two-headed ogre is moderately wounded.
The two-headed ogre hits you with a cursed +0 giant club!
The two-headed ogre hits you with a +0 giant spiked club!
You see here an arrow.
There is an escape hatch in the ceiling here.
The two-headed ogre hits you with a cursed +0 giant club!!
* * * LOW HITPOINT WARNING * * *
The two-headed ogre hits you with a +0 giant spiked club!
You die...

.###.####.# #.##.# #.#. .#
#.# #.# #.##.# #... .###.#
#.#####.##.#### #..©
...#.# #.............#
#... .(.#[#
#..........##.########...
##.#.#
##.######...........[..#.
....<# #.#
#...#.########...
##.#######.######...#.#
#...
##.........##...@...#.#
##..
##............###O..#.#
##.
......########...c..#.# #.
#####.# #.##..##.#### #.
..###.# #.##........# #.
......########.###.##.##.#
#.
#.##...............##.##.#
#.
...##.########.######.##.#
## ......# #.# #.##.# #


You could see a two-headed ogre and a centaur.

Vanquished Creatures
  A phantom (D:5)
  2 ogres (D:5)
  A centaur (D:5)
  A crocodile (D:4)
  3 bullfrogs
  2 howler monkeys
  2 crimson imps (D:5)
  A hound (D:5)
  A jelly (D:5)
  A centaur skeleton (D:4)
  A bullfrog skeleton (D:4)
  6 worker ants
  10 gnolls
  3 river rats (D:3)
  9 adders
  A shadow imp (D:5)
  11 oozes
  An adder zombie (D:5)
  An adder skeleton (D:5)
  4 worms
  2 dart slugs (D:1)
  17 leopard geckos
  9 orcs
  15 ball pythons
  7 bats
  13 giant cockroaches
  8 goblins
  10 hobgoblins
  17 jackals
  9 kobolds
  3 quokkas
  22 frilled lizards
  6 rats
200 creatures vanquished.

Notes
Turn   | Place    | Note
-------+----------+-------------------------------------------
     0 | D:1      | BlueFish the Minotaur Fighter began the quest for the Orb.
     0 | D:1      | Reached XP level 1. HP: 19/19 MP: 0/0
    36 | D:1      | Reached XP level 2. HP: 25/27 MP: 1/1
   203 | D:1      | Found a sparkling altar of Nemelex Xobeh.
   360 | D:1      | Reached XP level 3. HP: 24/33 MP: 2/2
   842 | D:2      | Reached skill level 3 in Long Blades
  1014 | D:2      | Reached XP level 4. HP: 37/40 MP: 3/3
  1159 | D:2      | Found a shattered altar of Ashenzari.
  1526 | D:3      | Found a bloodstained altar of Trog.
  1554 | D:3      | Reached skill level 4 in Long Blades
  1687 | D:3      | Reached XP level 5. HP: 43/47 MP: 4/4
  1970 | D:3      | Reached skill level 5 in Armour
  1980 | D:3      | Reached skill level 5 in Long Blades
  2129 | D:3      | Found a glowing drain.
  2136 | Sewer    | Entered a sewer
  2246 | Sewer    | Reached XP level 6. HP: 52/53 MP: 5/5
  2428 | Sewer    | Reached skill level 6 in Long Blades
  2504 | Sewer    | Reached skill level 5 in Fighting
  3000 | D:4      | Reached XP level 7. HP: 61/61 MP: 6/6
  3027 | D:4      | Found a white marble altar of Elyvilon.
  3117 | D:4      | Reached skill level 7 in Long Blades
  3149 | D:4      | Found Lelac's Jewellery Emporium.
  3886 | D:4      | Reached skill level 8 in Long Blades
  3947 | D:5      | Entered Level 5 of the Dungeon
  3985 | D:5      | Reached XP level 8. HP: 66/70 MP: 7/7
  4079 | D:5      | Found a hide-covered altar of Uskayaw.
  4097 | D:5      | Reached skill level 9 in Long Blades
  4582 | D:5      | Found a transporter.
  4582 | D:5      | Noticed jujuben's ghost (novice GrEE)
  4583 | D:5      | Found a transporter.
  4698 | D:5      | Noticed a two-headed ogre
  4725 | D:5      | Slain by a two-headed ogre

Levels and vault maps discovered:
D:1:      eino_arrival_cavern_e, layout_rooms, minmay_hexomino_r4
D:2:      minmay_recursive_quarters, layout_rooms, ashenzari_altar_1,
          feat_on_display
D:3:      layout_basic, nicolae_overflow_crystal_walls,
          lightli_sewer_entry_pipes
D:4:      minmay_bubble_buster, layout_rooms, nicolae_overflow_hidden_temple,
          serial_shops, shop, first_ration, st_stairs_8, minivault_19
D:5:      layout_loops_ring, old_standard_altar, gammafunk_ghost_arena,
          kennysheep_generic_room_7

Skill      XL: |  1  2  3  4  5  6  7  8 |
---------------+-------------------------+-----
Armour         | 4 5 6 7 |  7.3
Fighting       | 4 5 6 |  6.5
Shields        | 4 |  4.2
Long Blades    | 3 4 5 6 8 9 |  9.5
Dodging        | |  0.5

Action                   |  1- 3 |  4- 6 |  7- 9 || total
-------------------------+-------+-------+-------++-------
Melee: Long sword        |    82 |   250 |   172 ||   504
       Headbutt          |    16 |    33 |    31 ||    80
  Use: Scroll            |     2 |     9 |     2 ||    13
  Eat: Chunk             |       |     8 |     5 ||    13
Armor: Scale mail        |    74 |    23 |       ||    97
       Plate armour      |       |   213 |   107 ||   320
Dodge: Dodged            |    65 |   100 |    58 ||   223
Block: Kite shield       |     3 |       |       ||     3
       Rpst.: Long sword |    19 |    28 |    16 ||    63

Table legend:
 A = Non-vault XP
 B = Vault XP
 C = Vault XP percentage of total XP
 D = Non-vault monster count
 E = Vault monster count
 F = Vault count percentage of total count
                 A         B        C        D         E       F
            +---------+---------+-------+---------+---------+-------
      Total |    1406 |     706 |  33.4 |     112 |      88 |  44.0
            +---------+---------+-------+---------+---------+-------
        D:1 |      59 |       6 |   9.2 |      25 |       3 |  10.7
        D:2 |      65 |      22 |  25.3 |      26 |       5 |  16.1
        D:3 |      83 |      87 |  51.2 |      22 |       9 |  29.0
        D:4 |     388 |     230 |  37.2 |      18 |      10 |  35.7
        D:5 |     811 |       0 |   0.0 |      21 |       0 |   0.0
      Sewer |       0 |     361 | 100.0 |       0 |      61 | 100.0
            +---------+---------+-------+---------+---------+-------
